 Dungeon Crawl Stone Soup version 0.22-a0-458-gb446440d2e (webtiles) character file.

179 Oravi the Chopper (level 5, -1/45 HPs)
             Began as a Hill Orc Fighter on June 8, 2018.
             Killed from afar by an orc wizard (7 damage)
             ... with a magic dart
             ... on level 3 of the Dungeon.
             The game lasted 00:05:39 (1904 turns).

Oravi the Chopper (Hill Orc Fighter)                Turns: 1904, Time: 00:05:40

Health: -1/45      AC:  6    Str: 20    XL:     5   Next: 59%
Magic:  5/5        EV:  7    Int:  8    God:
Gold:   132        SH:  9    Dex: 10    Spells: 4/4 levels left

rFire    . . .     SeeInvis .   a - +0 war axe
rCold    . . .     Gourm    .   c - +0 shield
rNeg     . . .     Faith    .   b - +0 scale mail
rPois    .         Spirit   .   (no helmet)
rElec    .         Reflect  .   (no cloak)
rCorr    .         Harm     .   (no gloves)
MR       .....                  (no boots)
Stlth    ..........             e - amulet of the acrobat
HPRegen  0.15/turn              (no ring)
MPRegen  0.09/turn              (no ring)

@: lethally poisoned (-1 -> -2)
A: no striking features
a: no special abilities


You were on level 3 of the Dungeon.
You were not hungry.

You visited 1 branch of the dungeon, and saw 3 of its levels.

You collected 132 gold pieces.

Inventory:

Hand Weapons
 a - a +0 war axe (weapon)
Missiles
 j - 27 poisoned needles
 k - 128 stones (quivered)
 q - 3 throwing nets
Armour
 b - a +0 scale mail (worn)
 c - a +0 shield (worn)
Jewellery
 e - an amulet of the acrobat (around neck)
 r - an uncursed amulet of guardian spirit {unknown}
Wands
 i - a wand of digging (15)
Scrolls
 g - a scroll of enchant armour {unknown}
 l - a scroll of immolation {unknown}
 o - 2 scrolls of remove curse {unknown}
 p - a scroll of identify {unknown}
Potions
 d - 2 potions of might
 h - 2 potions of degeneration {unknown}
 m - a potion of brilliance {unknown}
 n - 2 potions of curing {unknown}
 s - a potion of haste {unknown}
 t - a potion of mutation {unknown}
 v - a potion of ambrosia {unknown}
Comestibles
 f - 6 rations
 u - 2 chunks of flesh


   Skills:
 - Level 3.6 Fighting
 + Level 7.4 Axes
 - Level 3.2 Armour
 - Level 3.2 Shields


You had 4 spell levels left.
You didn't know any spells.
Your spell library was empty.

Dungeon Overview and Level Annotations

Branches:
Dungeon (3/15)

Altars:

Annotations:
D:3 Anathary's ghost, amateur DsMo


Message History

* * * LOW HITPOINT WARNING * * *
You hit the orc wizard but do no damage.
The orc wizard is heavily wounded.
You feel sick.
The orc wizard hits you but does no damage.
You block the orc wizard's attack.
You barely miss the orc wizard.
The orc wizard is heavily wounded.
You feel sick.
You feel sick.
You feel sick.
You feel sick.
You feel sick.
You feel sick.
You feel sick.
You see here a trident.
You feel sick.
The orc wizard points at you and mumbles some strange words.
The magic dart hits you!
You die...

.g.(o# #.o...### .†...#
#.....# ####.#### #.o.).#
........ #..[÷.######.#
........###...g........#
.........##..[..o#######
.......#.#####...#
.......#.#####...#
................@#
.......#.######..###
.......#.## #....#
.......#..# #.##.#
.......##.## #.##.#
........#..# #.##.#
###.....##)# #.##.#########
...... #.## #.##.........#
.#.....##..###.##########.#


You could see an orc warrior, an orc wizard and a goblin.

Vanquished Creatures
  Natasha (thrice) (D:2)
  3 adders
  An ooze (D:2)
  2 worms
  A leopard gecko (D:2)
  4 orcs (D:3)
  3 giant cockroaches
  9 hobgoblins
  3 jackals (D:2)
  A quokka (D:2)
  A ball python (D:2)
  6 bats
  3 frilled lizards
  6 goblins
  10 kobolds
  7 rats
63 creatures vanquished.

Notes
Turn   | Place    | Note
-------+----------+-------------------------------------------
     0 | D:1      | Oravi the Hill Orc Fighter began the quest for the Orb.
     0 | D:1      | Reached XP level 1. HP: 19/19 MP: 1/1
    74 | D:1      | Reached skill level 3 in Axes
   147 | D:1      | Reached XP level 2. HP: 23/26 MP: 2/2
   307 | D:1      | Reached skill level 4 in Axes
   692 | D:2      | Reached XP level 3. HP: 30/31 MP: 3/3
   773 | D:2      | Reached skill level 5 in Axes
   921 | D:2      | Noticed Natasha
   926 | D:2      | Killed Natasha
   926 | D:2      | Reached XP level 4. HP: 39/39 MP: 4/4
   936 | D:2      | Noticed Natasha
   948 | D:2      | Killed Natasha
   948 | D:2      | Reached skill level 6 in Axes
  1089 | D:2      | Noticed Natasha
  1107 | D:2      | Killed Natasha
  1107 | D:2      | Reached XP level 5. HP: 15/45 MP: 5/5
  1475 | D:2      | Reached skill level 7 in Axes
  1710 | D:3      | Noticed Anathary's ghost (amateur DsMo)
  1874 | D:3      | Noticed an orc warrior
  1904 | D:3      | Killed from afar by an orc wizard

Vault maps used:
D:1:      ebering_hopf_link, hangedman_abyss_or_decor_stabs, st_stairs_6,
          minmay_misc_feat_square, minmay_tetromino_o4
D:2:      first_ration, uniq_natasha
D:3:      minmay_misc_feat_encased, uniq_grinder

Skill      XL: |  1  2  3  4  5 |
---------------+----------------+-----
Axes           | 3 4 5 6 7 |  7.4
Fighting       | |  3.6
Armour         | |  3.2
Shields        | |  3.2

Action                   |  1- 3 |  4- 6 || total
-------------------------+-------+-------++-------
Melee: War axe           |   102 |    98 ||   200
Throw: Stone             |    73 |    51 ||   124
  Eat: Chunk             |       |     4 ||     4
Armor: Scale mail        |    45 |    23 ||    68
Dodge: Dodged            |    32 |    28 ||    60
Block: Shield            |    53 |    41 ||    94

Table legend:
 A = Spawn XP
 B = Non-spawn XP
 C = Spawn XP percentage of total XP
 D = Spawn monster count
 E = Non-spawn monster count
 F = Spawn count percentage of total count
 G = Total turns spent on level
                    A         B        C        D         E        F      G
               +---------+---------+-------+---------+---------+-------+---------
         Total |       0 |     256 |   0.0 |       0 |      63 |   0.0 |  1904
               +---------+---------+-------+---------+---------+-------+---------
           D:1 |       0 |      25 |   0.0 |       0 |      19 |   0.0 |   680
           D:2 |       0 |     174 |   0.0 |       0 |      29 |   0.0 |   822
           D:3 |       0 |      57 |   0.0 |       0 |      15 |   0.0 |   402
               +---------+---------+-------+---------+---------+-------+---------
